 Dungeon Crawl Stone Soup version 0.26.0-45-g9c1d065592 (webtiles) character file.

Game seed: 5499044798168124345

35 trckry the Bolt Thrower (level 3, -5/21 HPs)
             Began as a Tengu Hunter on Jan 31, 2021.
             Slain by a gnoll
             ... wielding a +0 club
              (6 damage)
             ... on level 1 of the Dungeon.
             The game lasted 00:01:38 (1365 turns).

trckry the Bolt Thrower (Tengu Hunter)              Turns: 1365, Time: 00:01:39

Health: -5/21      AC:  3    Str: 13    XL:     3   Next: 35%
Magic:  4/4        EV: 12    Int: 11    God:
Gold:   11         SH:  0    Dex: 14    Spells: 2/2 levels left

rFire    . . .     SeeInvis .   b - +0 short sword
rCold    . . .     Faith    .   (no shield)
rNeg     . . .     Spirit   .   c - +0 leather armour
rPois    .         Reflect  .   (helmet restricted)
rElec    .         Harm     .   (no cloak)
rCorr    .         Rampage  .   (no gloves)
Will     .....                  (boots unavailable)
Stlth    +.........             (no amulet)
HPRegen  0.07/turn              (no ring)
MPRegen  0.09/turn              (no ring)

@: no status effects
A: beak, talons 3
a: no special abilities


You were on level 1 of the Dungeon.
You visited 1 branch of the dungeon, and saw 2 of its levels.

You collected 11 gold pieces.

Inventory:

Hand Weapons
 a - a +1 hand crossbow
 b - a +0 short sword (weapon)
Missiles
 d - 20 bolts
Armour
 c - a +0 leather armour (worn)
Scrolls
 e - 2 scrolls of teleportation {unknown}
 f - a scroll of enchant weapon {unknown}
 g - a scroll of noise {unknown}
Potions
 h - a potion of curing {unknown}
 i - a potion of attraction {unknown}


   Skills:
 + Level 2.2 Fighting
 + Level 0.7 Staves
 * Level 4.7 Crossbows
 + Level 1.0 Armour
 + Level 2.4 Dodging
 - Level 1.0 Stealth
 + Level 0.5 Invocations
 + Level 0.6 Evocations


You had 2 spell levels left.
You didn't know any spells.
Your spell library was empty.

Dungeon Overview and Level Annotations

Branches:
Dungeon (2/15)

Altars:


Innate Abilities, Weirdness & Mutations

You have a beak for a mouth.
You have claws for feet.


Message History

The goblin closely misses you. The gnoll hits you with a +0 club!
There is a stone staircase leading up here.
The gnoll misses you. The gnoll closely misses you.
The frilled lizard hisses.
You climb upwards.
There is a stone staircase leading down here.
You hit the goblin but do no damage. Your kick misses the goblin.
The goblin is severely wounded.
The goblin barely misses you. The gnoll hits you with a +0 whip.
* * * LOW HITPOINT WARNING * * *
The gnoll hits you with a +0 club.
* * * LOW HITPOINT WARNING * * *
You closely miss the goblin. You peck the goblin.
You kill the goblin!
The gnoll misses you. x2
The gnoll hits you with a +0 whip.
* * * LOW HITPOINT WARNING * * *
The gnoll hits you with a +0 club.
You die...

.#......#####...#.##.#
#......... ##........#
#.....##.###...##...#
#........####.#..##...#..####..#
###......'.......####.#..####..#
#......####.##.# #.#...##...#
#......####..#.# #.#........#
#########....#.# #.#'......##
#......# #..######### #....@g#
#.##........ #....g>#
#.########## #....######.#
####### #....# #....# #......
###### #.#### #.##### #.# #.# #
#.# #.# # #.# #.# #
#.#######.#####


You could see 2 gnolls.

Vanquished Creatures
  An ooze (D:1)
  4 dart slugs (D:1)
  A ball python (D:1)
  A bat (D:1)
  2 goblins (D:1)
  4 hobgoblins (D:1)
  2 jackals (D:1)
  A frilled lizard (D:1)
  A kobold (D:1)
  6 rats (D:1)
23 creatures vanquished.

Notes
Turn   | Place    | Note
-------+----------+-------------------------------------------
     0 | D:1      | trckry the Tengu Hunter began the quest for the Orb.
     0 | D:1      | Reached XP level 1. HP: 12/12 MP: 2/2
   281 | D:1      | Reached XP level 2. HP: 17/17 MP: 3/3
   867 | D:1      | Reached XP level 3. HP: 12/21 MP: 4/4
  1080 | D:1      | Reached skill level 1 in Armour
  1363 | D:1      | HP: 3/21 [gnoll/+0 club (3)]
  1365 | D:1      | HP: 1/21 [gnoll/+0 whip (2)]
  1365 | D:1      | Slain by a gnoll

Illustrated notes

Levels and vault maps discovered:
D:1:      minmay_arrival_four_loops, layout_basic, minivault_27,
          minmay_parallelograms, serial_bayou_crossing
D:2:      layout_basic, old_standard_altar, ashenzari_altar_1,
          hangedman_feature_mirror, minmay_lizard_pond

Skill      XL: |  1  2  3 |
---------------+----------+-----
Armour         | 1 |  1.0
Fighting       | |  2.2
Staves         | |  0.7
Crossbows      | |  4.7
Dodging        | |  2.4
Stealth        | |  1.0
Invocations    | |  0.5
Evocations     | |  0.6

Action                   || total
-------------------------++-------
Melee: Short sword       ||    52
       Kick              ||    16
       Peck              ||     4
 Stab: Sleeping          ||     3
Armor: Leather armour    ||    10
Dodge: Dodged            ||    23
